Map: King's Cove LE

Players

Mez - Winner!

  • Race: Terran Terran
  • League: Master
  • Spawn Location: 5:00

TBA

  • Race: Terran Terran
  • League: Master
  • Spawn Location: 11:00

VOD

Have the link to the VOD?

Description

Time

  • Played on: Aug. 11, 2019, 9:19 a.m.
  • Length: 9:47
Show
View Real Time Build Order
Export as new Build Order

Mez Terran - Winner!

Build Orders: Cyclone Opening 

Get SALT Encoding   

  12  0:01  SCV  
  13  0:13  SCV  
  14  0:18  Supply Depot  
  14  0:25  SCV  
  15  0:32  Refinery  
  15  0:39  SCV  
  16  0:46  Barracks  
  16  0:52  SCV  
  17  1:04  SCV  
  17  1:06  Refinery  
  18  1:18  SCV  
  19  1:33  Orbital Command  
  19  1:34  Reaper  
  20  1:46  Factory  
  20  1:50  Supply Depot  
  20  2:00  SCV  
  21  2:06  Reaper  
  22  2:12  SCV  
  23  2:26  SCV  
  24  2:32  Factory Tech Lab  
  24  2:38  Command Center  
  24  2:44  Barracks Reactor  
  24  2:45  SCV  
  24  2:50  Supply Depot  
  24  2:55  Cyclone  
  27  3:06  Starport  
  26  3:13  SCV  
  27  3:23  Marine x2  
  27  3:26  SCV  
  30  3:27  Cyclone  
  33  3:40  SCV  
  33  3:41  Marine x2  
  34  3:51  Starport Tech Lab  
  34  3:52  SCV  
  35  3:56  Supply Depot  
  35  4:03  Siege Tank  
  35  4:05  Marine  
  39  4:12  Marine  
  38  4:17  SCV  
  38  4:21  Banshee  
  42  4:25  Marine  
  42  4:27  Supply Depot  
  42  4:30  Marine  
  44  4:41  Cloaking Field, SCV  
  45  4:51  Marine x2  
  47  5:04  Banshee  
  50  5:08  Command Center  
  50  5:13  Supply Depot  
  50  5:18  SCV  
  51  5:30  SCV  
  48  5:41  Siege Tank  
  45  5:44  SCV  
  42  5:54  Banshee  
  42  5:56  SCV, Marine  
  47  6:08  SCV  
  48  6:16  Supply Depot  
  45  6:20  SCV  
  46  6:32  SCV  
  44  6:33  SCV  
  44  6:34  Siege Tank  
  44  6:36  Barracks  
  44  6:37  Barracks  
  48  6:45  SCV  
  50  6:48  Orbital Command  
  50  6:50  Raven  
  51  6:57  SCV  
  49  7:16  Siege Tank, Marine x2  
  49  7:21  Engineering Bay, SCV x2  
  49  7:22  Command Center, Supply Depot  
  56  7:29  Barracks Reactor  
  56  7:30  Barracks Tech Lab  
  56  7:33  SCV  
  56  7:34  SCV  
  56  7:36  Marine x2  
  60  7:46  SCV x2  
  60  7:47  Marine  
  60  7:50  Hellion  
  65  7:54  Marine  
  65  7:58  SCV x2  
  66  8:10  SCV x2  
  65  8:14  Marine x4  
  69  8:22  Siege Tank  
  71  8:30  SCV  
  71  8:31  SCV, Barracks, Supply Depot  
  71  8:32  Barracks, Supply Depot  
  71  8:33  Refinery, Starport Reactor  
  71  8:34  Refinery, Marine x2  
  73  8:39  Marine  
  73  8:40  Marine x2  
  78  8:47  SCV x2  
  80  8:51  Orbital Command  
  80  8:55  Supply Depot  
  80  8:56  Siege Tank  
  83  9:04  Supply Depot  
  80  9:23  Marine  
  80  9:24  Barracks Reactor x2, Marine x3  
  76  9:35  SCV x3  
Show
View Real Time Build Order
Export as new Build Order

TBA Terran 

Build Orders:  

Get SALT Encoding   

  12  0:00  SCV  
  13  0:12  SCV  
  14  0:18  Supply Depot  
  14  0:26  SCV  
  15  0:39  SCV  
  15  0:40  Barracks  
  16  0:44  Refinery  
  16  0:52  SCV  
  17  1:01  Barracks  
  17  1:05  SCV  
  18  1:17  SCV  
  19  1:28  Reaper  
  19  1:30  Orbital Command  
  20  1:49  Reaper  
  21  1:54  Barracks  
  21  1:55  Refinery  
  21  2:01  SCV, Supply Depot  
  22  2:05  Reaper  
  23  2:23  SCV  
  23  2:28  Reaper  
  24  2:35  SCV  
  25  2:37  Reaper  
  26  2:45  Reaper  
  26  2:47  SCV  
  26  2:50  Supply Depot  
  28  3:00  Reaper, Command Center  
  29  3:10  SCV  
  30  3:15  Reaper  
  30  3:18  Engineering Bay  
  31  3:22  SCV  
  32  3:28  Reaper  
  34  3:34  SCV  
  33  3:49  Reaper x2  
  35  3:56  SCV  
  35  3:59  Terran Infantry Weapons Level 1, Barracks  
  35  4:00  Reaper  
  35  4:01  Barracks  
  35  4:22  Orbital Command  
  35  4:27  Factory  
  35  4:29  SCV  
  36  4:31  Barracks Tech Lab  
  34  4:41  SCV  
  34  4:42  Barracks Tech Lab  
  35  4:53  Barracks Reactor, SCV x2  
  35  4:58  Barracks Reactor x2, Bunker  
  37  5:03  Stimpack  
  37  5:05  SCV x2  
  37  5:06  Refinery  
  39  5:07  Refinery  
  39  5:14  Factory Tech Lab  
  39  5:17  SCV  
  39  5:18  Combat Shield, Marine  
  39  5:19  SCV  
  41  5:30  SCV  
  27  5:50  Marine x3  
  27  5:51  Marine x3  
  27  5:52  Cyclone  
  28  6:19  SCV  
  28  6:20  SCV  
  29  6:29  Mag-Field Accelerator  
  29  6:32  SCV x2  
  31  6:33  Marine  
  30  6:44  SCV x2  
  27  7:03  Missile Turret  
  27  7:15  SCV x2  
  30  7:22  Cyclone  
  30  7:27  SCV x2  
  32  7:39  SCV  
  32  7:40  Missile Turret  
  33  7:49  Refinery, SCV  
  33  7:51  Marine x4  
  35  7:53  Missile Turret  
  37  8:09  SCV x2  
  33  8:21  SCV x2  
  33  8:25  Marine  
  33  8:26  Marine  
  37  8:33  SCV x2  
  37  8:45  SCV x2  
  37  8:46  Barracks Reactor x2  
  39  8:56  Siege Tank  
  39  8:57  SCV x2  
  39  8:58  Marine  
  39  8:59  Marine x3  
  48  9:09  SCV  
  50  9:10  SCV  
Tags
 
Add a new tag
Caveats
  • Supply blocks, unpowered buildings, or Contaminate may cause inaccurate times.
  • Supply counts are checked every 10 seconds.